 Dungeon Crawl Stone Soup version 0.27-a0-262-gc50aac273e (webtiles) character file.

Game seed: 9054101049562829771

70530 EnegeticOcto the Fighter (level 15, -1/157 (161) HPs)
             Began as an Ogre Hunter on Feb 4, 2021.
             Was an Elder of Wu Jian.
             Slain by a troll (8 damage)
             ... while petrified by a basilisk
             ... on level 12 of the Dungeon.
             The game lasted 00:55:35 (29837 turns).

EnegeticOcto the Fighter (Ogre Hunter)             Turns: 29837, Time: 00:55:36

HP:   -1/157 (161)  AC:  0    Str: 21    XL:     15   Next: 33%
MP:   36/40         EV:  1    Int: 13    God:    Wu Jian [****..]
Gold: 1151          SH:  0    Dex: 19    Spells: 14/24 levels left

rFire    . . .     SeeInvis .   b - +3 short sword (venom)
rCold    . . .     Faith    +   (no shield)
rNeg     + + +     Spirit   .   Z - +0 troll leather armour
rPois    ∞         Reflect  .   (helmet restricted)
rElec    .         Harm     .   q - +1 cloak
rCorr    .         Rampage  .   (gloves unavailable)
Will     +....                  (boots unavailable)
Stlth    +++++.....             V - amulet of faith
HPRegen  0.76/turn              e - ring of the Octopus King {MP+9 AC+1 EV+1 Str+1 Int+1 Dex+1}
MPRegen  0.27/turn              H - ring "Hywkoit" {MP+9 EV+4 Dex+4}

@: exhausted, petrified, barbed spikes, corroded, slowed, lightly drained
A: large, unfitting armour, tough skin 1
a: Renounce Religion, Wall Jump, Serpent's Lash


You were on level 12 of the Dungeon.
You worshipped Wu Jian.
Wu Jian was greatly pleased with you.
You visited 2 branches of the dungeon, and saw 19 of its levels.
You also visited: Ossuary and Gauntlet.

You collected 1313 gold pieces.
You spent 162 gold pieces at shops.

Inventory:

Hand Weapons
 a - a +0 dagger of electrocution
   (You took it off an orc wizard on level 9 of the Dungeon)
 b - a +3 short sword of venom (weapon)
   (You took it off a kobold on level 1 of the Dungeon)
Missiles
 c - 5 large rocks (quivered)
 d - 3 throwing nets {!f}
 h - 82 poisoned darts
 o - 3 boomerangs
 G - 23 silver javelins
 S - 4 javelins
 Y - 14 curare-tipped darts
Armour
 q - a +1 cloak (worn)
   (You took it off Crazy Yiuf on level 6 of the Dungeon)
 Z - a +0 troll leather armour (worn)
   (You found it on level 11 of the Dungeon)
Jewellery
 e - a ring of the Octopus King (left hand) {MP+9 AC+1 EV+1 Str+1 Int+1 Dex+1}
   (You found it in a Gauntlet)

   [ring of magical power]

   It affects your AC (+1).
   It affects your evasion (+1).
   It affects your strength (+1).
   It affects your intelligence (+1).
   It affects your dexterity (+1).
   It affects your magic capacity (+9).
 v - the ring "Xeziy" {+Blink rF+ Str+2 Dex+4}
   (You found it on level 8 of the Dungeon)

   [ring of protection from fire]

   It affects your strength (+2).
   It affects your dexterity (+4).
   It protects you from fire.
   It lets you blink.
 H - the ring "Hywkoit" (right hand) {MP+9 EV+4 Dex+4}
   (You found it in a Gauntlet)

   [ring of evasion]

   It affects your evasion (+4).
   It affects your dexterity (+4).
   It affects your magic capacity (+9).
 M - an uncursed ring of poison resistance
   (You found it on level 7 of the Dungeon)
 N - an uncursed ring of protection from cold
   (You found it on level 7 of the Dungeon)
 P - the ring "Heosch" {+Fly rC+}
   (You found it on level 9 of the Dungeon)

   [ring of flight]

   It protects you from cold.
   It lets you fly.
 R - the ring "Otejiokk" {+Fly rElec rF+++ Int-3 Dex+2}
   (You took it off a minotaur in a Gauntlet)

   [ring of flight]

   It affects your intelligence (-3).
   It affects your dexterity (+2).
   It renders you almost immune to fire.
   It insulates you from electricity.
   It lets you fly.
 V - an amulet of faith (around neck)
   (You found it on level 6 of the Lair of Beasts)
 X - an uncursed ring of willpower
   (You found it on level 2 of the Lair of Beasts)
Wands
 A - a wand of polymorph (9)
   (You found it on level 6 of the Lair of Beasts)
 B - a wand of charming (22)
   (You found it on level 4 of the Dungeon)
 F - a wand of digging (11) {@v3}
   (You found it on level 5 of the Dungeon)
 J - a wand of acid (7) {@v1}
   (You found it on level 6 of the Dungeon)
 O - a wand of flame (59) {@v4}
   (You found it on level 5 of the Dungeon)
Scrolls
 g - 12 scrolls of remove curse {@r2}
 j - 11 scrolls of teleportation {@r3 !r}
 x - 2 scrolls of fear {!r}
 y - 3 scrolls of blinking {@r4}
 z - 3 scrolls of summoning
 D - 4 scrolls of fog {!r}
 L - 2 scrolls of immolation
 Q - 3 scrolls of enchant armour
 T - 2 scrolls of magic mapping {@r5 !r}
 W - 2 scrolls of enchant weapon
Potions
 f - 3 potions of heal wounds {@q2 !q}
 i - 2 potions of resistance
 l - 2 potions of haste {@q4 !q}
 m - a potion of invisibility
 n - a potion of cancellation
 p - 2 potions of ambrosia
 r - 4 potions of flight
 s - 7 potions of lignification {@q6}
 t - 7 potions of brilliance {unknown}
 u - 7 potions of attraction {unknown}
 w - 2 potions of magic {unknown}
 C - 10 potions of curing {unknown}
 E - 2 potions of might {@q3 !q}
 K - a potion of berserk rage
Miscellaneous
 k - a box of beasts
   (You found it in a Gauntlet)
 I - a tin of tremorstones (inert)
   (You found it in a Gauntlet)


   Skills:
 + Level 13.2 Fighting
 - Level 12.0 Short Blades
 - Level 8.0 Throwing
 - Level 4.0 Armour
 - Level 4.0 Dodging
 + Level 10.3 Stealth
 - Level 5.0 Spellcasting
 - Level 5.3 Conjurations
 - Level 10.0 Hexes
 + Level 1.2 Transmutations
 - Level 4.0 Ice Magic
 + Level 1.1 Earth Magic
 - Level 4.0 Evocations


You had 14 spell levels left.
You knew the following spells:

 Your Spells              Type           Power        Failure   Level
a - Ensorcelled Hibernat  Hex/Ice        42%          1%          2
b - Confusing Touch       Hex            29%          1%          3
c - Dazzling Flash        Conj/Hex       46%          2%          3
p - Passwall              Tmut/Erth      5%           21%         2

Your spell library contained the following spells:

 Spells                   Type           Power        Failure   Level
 Corona                   Hex            32%          1%          1
 Tukima's Dance           Hex            29%          1%          3
 Magic Dart               Conj           68%          2%          1
 Searing Ray              Conj           34%          3%          2
 Freeze                   Ice            52%          4%          1
 Summon Guardian Golem    Hex/Summ       16%          9%          3
 Fulminant Prism          Conj/Hex       11%          10%         4
 Frozen Ramparts          Ice            26%          12%         3
 Ozocubu's Armour         Ice            13%          12%         3
 Sandblast                Erth           12%          14%         1
 Sting                    Tmut/Pois      16%          17%         1
 Stone Arrow              Conj/Erth      22%          17%         3
 Summon Small Mammal      Summ           12%          22%         1
 Mephitic Cloud           Conj/Pois/Air  7%           30%         3
 Blink                    Tloc           N/A          32%         2
 Call Imp                 Summ           3%           32%         2
 Poisonous Vapours        Pois/Air       6%           32%         2
 Hailstorm                Conj/Ice       15%          32%         4
 Ignite Poison            Fire/Tmut/Pois 4%           47%         3
 Call Canine Familiar     Summ           3%           54%         3
 Gell's Gravitas          Tloc           1%           54%         3
 Iskenderun's Mystic Bla  Conj/Tloc      10%          58%         4
 Summon Mana Viper        Hex/Summ       16%          58%         5
 Summon Ice Beast         Ice/Summ       8%           67%         4
 Petrify                  Tmut/Erth      6%           78%         4
 Olgreb's Toxic Radiance  Pois           3%           91%         4
 Summon Lightning Spire   Summ/Air       3%           91%         4
 Lee's Rapid Deconstruct  Erth           3%           98%         5
 Summon Forest            Summ/Tloc      1%           99%         5
 Eringya's Noxious Bog    Tmut/Pois      2%           100%        6
 Malign Gateway           Summ/Tloc      1%           100%        7
 Spellforged Servitor     Conj/Summ      5%           100%        7


Dungeon Overview and Level Annotations

Branches:
Dungeon (13/15)            Temple (0/1) D:7            Lair (6/6) D:8
 Shoals (0/4) Lair:3       Spider (0/4) Lair:2        Slime (0/5) Lair:5
    Orc (0/2) D:11        Ossuary (visited)         Gauntlet (visited)
 Vaults: D:13-14

Altars:
Ashenzari
Dithmenos
Fedhas
Gozag
Nemelex Xobeh
Trog
Uskayaw
Vehumet
Wu Jian
Xom
Yredelemnul
Zin
The Shining One
Jiyva

Shops:
D:4 **?   D:5 *

Annotations:
D:7 3 runed translucent doors, ReteAZ's ghost, novice OgHu
D:11 exclusion: boulder beetle
D:12 exclusion: orange crystal statue
Lair:1 2 transporters, Bapho's ghost, novice DrBe
Lair:5 3 runed translucent doors, Berchol's ghost, journeyman DgCj


Innate Abilities, Weirdness & Mutations

You are too large for most types of armour.
You have tough skin. (AC +1)


Message History

The bullfrog skeleton hits you but does no damage.
You spin and attack the brown ugly thing repeatedly.
You closely miss the brown ugly thing.
You hit the brown ugly thing but do no damage.
The brown ugly thing is poisoned.
You hit the brown ugly thing.
The brown ugly thing is lightly wounded.
The brown ugly thing closely misses you.
Casting: Confusing Touch (safe; 1% risk of failure)
Confirm with . or Enter, or press ? or * to list all spells.
Aiming: Ensorcelled Hibernation (safe; 1% risk of failure)
Press: ? - help, Shift-Dir - straight line, f - brown ugly thing
Aim: a brown ugly thing (lightly wounded, very poisoned, chance to affect: 33%)
The brown ugly thing easily resists.
The brown ugly thing barely misses you. The hound closely misses you.
Casting: Ensorcelled Hibernation (safe; 1% risk of failure)
Confirm with . or Enter, or press ? or * to list all spells.
Aiming: Ensorcelled Hibernation (safe; 1% risk of failure)
Press: ? - help, Shift-Dir - straight line, f/p - brown ugly thing
Aim: a brown ugly thing (lightly wounded, very poisoned, chance to affect: 33%)
The brown ugly thing easily resists.
The hound bites you but does no damage.
The brown ugly thing closely misses you.
The hound misses you.
The brown ugly thing headbutts you but does no damage.
The hound misses you.
Casting: Ensorcelled Hibernation (safe; 1% risk of failure)
Confirm with . or Enter, or press ? or * to list all spells.
Aiming: Ensorcelled Hibernation (safe; 1% risk of failure)
Press: ? - help, Shift-Dir - straight line, f/p - brown ugly thing
Aim: a brown ugly thing (lightly wounded, very poisoned, chance to affect: 33%)
The brown ugly thing easily resists.
The hound misses you.
The brown ugly thing closely misses you.
The hound bites you.
Casting: Ensorcelled Hibernation (safe; 1% risk of failure)
Confirm with . or Enter, or press ? or * to list all spells.
Aiming: Ensorcelled Hibernation (safe; 1% risk of failure)
Press: ? - help, Shift-Dir - straight line, f/p - brown ugly thing
Aim: a brown ugly thing (lightly wounded, very poisoned, chance to affect: 33%)
The brown ugly thing easily resists.
The hound bites you. The brown ugly thing headbutts you. The acid corrodes you!
You are splashed with acid!
The hound bites you. The basilisk gazes at you.
You resist with almost no effort. The brown ugly thing headbutts you.
You are splashed with acid.
Your muscles tense, ready for explosive movement...
You spin and attack the hound, with incredible momentum.
You hit the hound but do no damage.
The hound is poisoned.
You spin and attack the basilisk, with incredible momentum.
You puncture the basilisk!
The basilisk looks as sick as possible!
The basilisk is moderately wounded.
Your supernatural speed expires.
Evoke which item? (* to show all) (? for menu, Esc to quit)
Okay, then.
Really read
j - 12 scrolls of teleportation {@r3 !r}?
As you read the scroll of teleportation {@r3 !r}, it crumbles to dust.
You feel strangely unstable. The basilisk gazes at you.
You are slowing down.
The hound bites you but does no damage. The hound bites you.
The hound barely misses you. The basilisk gazes at you.
You resist with almost no effort. The brown ugly thing headbutts you!
The acid corrodes you!
You are splashed with acid!
The hound bites you. The basilisk gazes at you.
You resist with almost no effort.
You have turned to stone.
Your surroundings suddenly seem different.
A troll comes into view.
The troll shouts!
You hear a shout!
A manticore comes into view.
A sphinx comes into view.
Found 15 poisoned darts.
The sphinx hits you! x2
* * * LOW HITPOINT WARNING * * *
The sphinx hits you.
* * * LOW HITPOINT WARNING * * *
The sphinx hits you!
* * * LOW HITPOINT WARNING * * *
The sphinx hits you.
* * * LOW HITPOINT WARNING * * *
The sphinx hits you.
* * * LOW HITPOINT WARNING * * *
The sphinx hits you!
* * * LOW HITPOINT WARNING * * *
The sphinx hits you!
* * * LOW HITPOINT WARNING * * *
The sphinx hits you!
* * * LOW HITPOINT WARNING * * *
The manticore flicks its tail.
The volley of spikes hits you!
The barbed spikes become lodged in your body.
* * * LOW HITPOINT WARNING * * *
The sphinx casts a spell.
You resist with significant effort.
The manticore flicks its tail.
The volley of spikes hits you.
The barbed spikes become lodged in your body.
* * * LOW HITPOINT WARNING * * *
The sphinx casts a spell.
Something smites you!
* * * LOW HITPOINT WARNING * * *
The troll bites you!
You die...

#### #...#
.##
#.....#
..##
#...#...#
#...# #
##...#
#...#
#....
###...#
#...# ...#
.#...##
#...# .Z#
#cO.##
#..T#H#
...##
#H.@#
..#.#
#.#...#
.#...#
..#...#
###...#
...###...#
# #....
....#
#...#
#.......#
#...#
.......
#...# ..
.. #..#
....


You could see a sphinx, a manticore, a troll and a wyvern skeleton.

Vanquished Creatures
  Kirke (D:12)
  A tengu reaver (D:12)
  A minotaur (Gauntlet)
  Erolcha (D:9)
  6 hydras
  A merfolk avatar (Lair:6)
  A centaur warrior (D:12)
  A two-headed ogre (D:12)
  10 death yaks
  Urug (D:10)
  A deep troll earth mage (D:12)
  A fire crab (Lair:6)
  A lindwurm (Lair:3)
  2 ugly things (D:12)
  A deep elf pyromancer (D:12)
  A cyclops (D:12)
  A manticore (Lair:6)
  3 black mambas
  41 elephants
  Maurice (D:8)
  An ice statue (Gauntlet)
  A torpor snail (Lair:6)
  9 rime drakes
  15 cane toads
  9 komodo dragons
  A freezing wraith (D:12)
  3 trolls
  2 wind drakes (Lair:6)
  11 slime creatures (D:12)
  2 hornets (Lair:6)
  5 polar bears
  Prince Ribbit (D:8)
  22 blink frogs
  2 wraiths (D:11)
  A vampire (D:10)
  3 shadows (Gauntlet)
  30 yaks
  2 hogs (D:12)
  7 wyverns
  2 basilisks
  A vampire mosquito (D:12)
  Menkaure (D:5)
  A steam dragon (D:12)
  2 swamp worms (Lair:1)
  An acid dragon (D:12)
  10 water moccasins
  3 orc warriors
  An ice beast (D:8)
  2 sky beasts
  3 black bears
  An eye of draining (D:9)
  9 ogres
  10 wolves
  3 centaurs
  2 phantoms
  A big kobold (D:11)
  21 bullfrogs
  A gnoll sergeant (D:9)
  A water moccasin zombie (D:5)
  A wyvern zombie (D:11)
  2 scorpions (D:9)
  3 killer bees (D:7)
  6 wights
  4 electric eels (D:8)
  A quasit (D:9)
  2 centaur zombies (Ossuary)
  A bullfrog zombie (D:12)
  8 jellies
  2 orc priests
  Crazy Yiuf (D:6)
  3 centaur skeletons
  7 hounds
  6 bullfrog skeletons
  3 iguanas
  8 orc wizards
  8 worker ants
  2 big kobold zombies (Ossuary)
  A hound zombie (D:9)
  A hound skeleton (D:5)
  6 mummies
  14 adders
  14 gnolls
  4 white imps
  2 ufetubi
  6 oozes
  An adder zombie (D:8)
  6 worms
  5 dart slugs
  5 leopard geckos
  39 orcs
  4 giant cockroaches
  11 goblins
  7 hobgoblins
  6 quokkas
  3 ball pythons
  A ball python skeleton (D:5)
  7 bats
  5 frilled lizards
  A goblin zombie (D:5)
  5 hobgoblin zombies
  14 kobolds
  A leopard gecko skeleton (D:5)
  9 rats
526 creatures vanquished.

Vanquished Creatures (others)
  3 humans (D:12)
  A howler monkey (D:12)
  A bush (Lair:6)
  37 fungi
  62 plants
104 creatures vanquished.

Grand Total: 630 creatures vanquished

Notes
Turn   | Place    | Note
-------+----------+-------------------------------------------
     0 | D:1      | EnegeticOcto the Ogre Hunter began the quest for the Orb.
     0 | D:1      | Reached XP level 1. HP: 22/22 MP: 1/1
    41 | D:1      | Reached skill level 3 in Fighting
   227 | D:1      | Reached XP level 2. HP: 32/32 MP: 2/2
   730 | D:1      | Reached skill level 4 in Fighting
   873 | D:1      | Reached skill level 1 in Stealth
  1164 | D:1      | Reached XP level 3. HP: 30/39 MP: 3/3
  1785 | D:2      | Reached skill level 2 in Stealth
  2180 | D:2      | Reached XP level 4. HP: 41/48 MP: 4/4
  2808 | D:3      | Found an ornate altar of the Wu Jian Council.
  3024 | D:3      | Reached skill level 3 in Stealth
  3196 | D:3      | Found a shadowy altar of Dithmenos.
  3211 | D:3      | Reached skill level 1 in Short Blades
  3442 | D:3      | Reached XP level 5. HP: 51/54 MP: 5/5
  3948 | D:4      | Reached skill level 2 in Short Blades
  4014 | D:4      | You fall into a shaft and drop 2 floors!
  4108 | D:6      | Noticed an orc warrior
  4146 | D:6      | Killed an orc warrior
  4147 | D:6      | Reached XP level 6. HP: 55/65 MP: 6/6
  4165 | D:6      | Reached skill level 5 in Fighting
  4165 | D:6      | Reached skill level 3 in Short Blades
  4456 | D:6      | Found a runed translucent door.
  4457 | D:6      | Noticed Crazy Yiuf
  4481 | D:6      | Killed Crazy Yiuf
  4711 | D:5      | Entered Level 5 of the Dungeon
  4873 | D:5      | Found a sand-covered staircase.
  4881 | D:5      | Reached XP level 7. HP: 61/74 MP: 7/7
  4883 | Ossuary  | Entered an ossuary
  4894 | Ossuary  | Reached skill level 6 in Fighting
  4921 | Ossuary  | Reached skill level 4 in Short Blades
  5809 | Ossuary  | Reached skill level 7 in Fighting
  6100 | D:4      | Found Azetet's Magic Scroll Shop.
  6320 | D:4      | Bought a scroll of teleportation for 39 gold pieces
  6320 | D:4      | Bought a scroll of fog for 26 gold pieces
  6320 | D:4      | Bought a scroll of blinking for 97 gold pieces
  6498 | D:4      | Found Pousimuc's General Store.
  6574 | D:4      | Found Doem's Assorted Antiques.
  6808 | D:4      | Reached skill level 8 in Fighting
  6948 | D:3      | Became a worshipper of the Wu Jian Council
  7388 | D:5      | Found a basalt altar of Yredelemnul.
  7473 | D:5      | Found an opulent altar of Gozag.
  7511 | D:5      | Found Jiddakupee's Assorted Antiques.
  7600 | D:5      | Reached XP level 8. HP: 68/88 MP: 8/8
  7712 | D:5      | Reached skill level 5 in Short Blades
  7747 | D:5      | Found an opulent altar of Gozag.
  7767 | D:5      | Noticed Menkaure
  7772 | D:5      | Killed Menkaure
  8018 | D:5      | Found a glowing silver altar of Zin.
  8249 | D:5      | Found a sparkling altar of Nemelex Xobeh.
  8375 | D:6      | Found a broken altar of Ashenzari.
  8375 | D:6      | Found a hide-covered altar of Uskayaw.
  8458 | D:6      | Reached * piety under Wu Jian
  8459 | D:6      | Reached skill level 6 in Short Blades
  8459 | D:6      | Reached skill level 2 in Dodging
  9147 | D:7      | Found a staircase to the Ecumenical Temple.
  9359 | D:7      | Reached skill level 3 in Dodging
  9370 | D:7      | Reached skill level 9 in Fighting
  9377 | D:7      | Reached XP level 9. HP: 70/98 MP: 7/9
  9979 | D:7      | Found a shimmering altar of Xom.
  9993 | D:7      | Found a radiant altar of Vehumet.
 10213 | D:7      | Found a runed translucent gate.
 10214 | D:7      | Found a runed translucent gate.
 10215 | D:7      | Found a runed translucent gate.
 10217 | D:7      | Found an opulent altar of Gozag.
 10361 | D:7      | Noticed ReteAZ's ghost (novice OgHu)
 10458 | D:8      | Reached skill level 7 in Short Blades
 10462 | D:8      | Reached skill level 4 in Dodging
 10528 | D:8      | Got a warped steel ring
 10530 | D:8      | Identified the ring "Xeziy" {+Blink rF+ Str+2 Dex+4} (You
                  | found it on level 8 of the Dungeon)
 10594 | D:8      | Found a glowing golden altar of the Shining One.
 10635 | D:8      | Noticed Maurice
 10642 | D:8      | Killed Maurice
 10643 | D:8      | Reached skill level 10 in Fighting
 10718 | D:8      | Noticed Prince Ribbit
 10730 | D:8      | Killed Prince Ribbit
 10731 | D:8      | Reached skill level 8 in Short Blades
 10873 | D:8      | Found a bloodstained altar of Trog.
 11008 | D:8      | Reached skill level 9 in Short Blades
 11041 | D:8      | Reached XP level 10. HP: 66/110 MP: 8/10
 11207 | D:8      | Reached skill level 10 in Short Blades
 11582 | D:8      | Learned a level 2 spell: Ensorcelled Hibernation
 11586 | D:8      | Learned a level 3 spell: Confusing Touch
 11654 | D:8      | Found a blossoming altar of Fedhas.
 11674 | D:8      | Reached skill level 1 in Hexes
 11878 | D:8      | Found a staircase to the Lair.
 12200 | D:9      | Reached ** piety under Wu Jian
 12546 | D:9      | Got a heavily runed brass ring
 12548 | D:9      | Identified the ring "Heosch" {+Fly rC+} (You found it on
                  | level 9 of the Dungeon)
 12582 | D:9      | Noticed Erolcha
 12594 | D:9      | Killed Erolcha
 12595 | D:9      | Reached skill level 4 in Hexes
 13164 | D:9      | Identified Olaohotsi's Volume of Venom and Slavery
 13219 | D:9      | Reached skill level 5 in Hexes
 13245 | D:9      | Reached skill level 6 in Hexes
 13975 | D:9      | Reached XP level 11. HP: 93/114 MP: 3/11
 14260 | D:10     | Entered Level 10 of the Dungeon
 14271 | D:10     | Reached skill level 7 in Hexes
 14421 | D:10     | Noticed a sea snake
 14878 | D:10     | Noticed a sea snake
 14956 | D:10     | Reached *** piety under Wu Jian
 15271 | D:10     | Noticed a sea snake
 15445 | D:11     | Noticed Urug
 15469 | D:10     | Killed Urug
 15470 | D:10     | Reached skill level 8 in Hexes
 15470 | D:10     | Reached skill level 1 in Ice Magic
 15470 | D:10     | Reached skill level 1 in Evocations
 15728 | D:11     | Noticed a boulder beetle
 15755 | D:11     | Found a staircase to the Orcish Mines.
 15972 | D:11     | Reached skill level 2 in Ice Magic
 16143 | D:11     | Reached skill level 2 in Evocations
 16290 | D:11     | Reached skill level 4 in Stealth
 16748 | D:11     | Reached skill level 3 in Ice Magic
 16966 | D:11     | Learned a level 3 spell: Dazzling Flash
 17047 | Lair:1   | Entered Level 1 of the Lair of Beasts
 17099 | Lair:1   | Reached skill level 3 in Evocations
 17379 | Lair:1   | Noticed a moth of wrath
 17383 | Lair:1   | Noticed a moth of wrath
 17387 | Lair:1   | Noticed Bapho's ghost (novice DrBe)
 17388 | Lair:1   | Found a bloodstained altar of Trog.
 17401 | Lair:1   | Identified the cursed +1 spear of Tension {antimagic, MP+9
                  | Dex+4}
 17401 | Lair:1   | Noticed a spriggan rider
 17402 | Lair:1   | Identified the +9 trident of Animal Spirits {flame, rPois
                  | Str+5 Dex-2 Stlth+}
 17402 | Lair:1   | Noticed a spriggan rider
 17422 | Lair:1   | Found a transporter.
 17426 | Lair:1   | Found a transporter.
 17957 | Lair:1   | Reached skill level 4 in Ice Magic
 17965 | Lair:1   | Reached skill level 5 in Stealth
 17971 | Lair:1   | Reached skill level 4 in Evocations
 17978 | Lair:1   | Reached XP level 12. HP: 113/126 MP: 1/12
 18390 | Lair:1   | Reached skill level 6 in Stealth
 18630 | Lair:1   | Got a clouded golden ring
 18632 | Lair:1   | Identified the ring of Heresy {rC- rN+ Str+4 Int+9 Stlth-}
                  | (You found it on level 1 of the Lair of Beasts)
 18676 | Lair:2   | Found a hole to the Spider Nest.
 18729 | Lair:2   | Noticed a four-headed hydra
 18813 | Lair:2   | Killed a four-headed hydra
 18875 | Lair:2   | Reached skill level 7 in Stealth
 19105 | Lair:2   | Reached **** piety under Wu Jian
 19124 | Lair:2   | Reached skill level 8 in Stealth
 19919 | Lair:3   | Noticed a death yak
 19919 | Lair:3   | Noticed a death yak
 19919 | Lair:3   | Noticed a death yak
 19919 | Lair:3   | Noticed a death yak
 19919 | Lair:3   | Noticed a death yak
 19977 | Lair:3   | Reached skill level 9 in Stealth
 20012 | Lair:3   | Found a staircase to the Shoals.
 20323 | Lair:3   | Reached skill level 1 in Spellcasting
 20449 | Lair:3   | Killed a death yak
 20496 | Lair:3   | Killed a death yak
 20496 | Lair:3   | Reached skill level 2 in Spellcasting
 20496 | Lair:3   | Reached XP level 13. HP: 44/133 MP: 4/16
 20566 | Lair:3   | Reached skill level 3 in Spellcasting
 20597 | Lair:3   | Reached skill level 10 in Stealth
 21053 | Lair:3   | Reached skill level 4 in Spellcasting
 21764 | Lair:4   | Reached skill level 9 in Hexes
 21789 | Lair:4   | Reached skill level 5 in Spellcasting
 22930 | Lair:5   | Found a gate leading to a gauntlet.
 22940 | Lair:5   | Reached skill level 10 in Hexes
 22954 | Gauntlet | Entered a Gauntlet
 22954 | Gauntlet | Found a transporter.
 22954 | Gauntlet | Found a transporter.
 22954 | Gauntlet | Found a transporter.
 22965 | Gauntlet | Found a transporter.
 22967 | Gauntlet | Found a transporter.
 22971 | Gauntlet | Found a runed translucent door.
 22973 | Gauntlet | Found a runed translucent door.
 22975 | Gauntlet | Found a transporter.
 22978 | Gauntlet | Found a transporter.
 22985 | Gauntlet | Noticed a reaper
 22986 | Gauntlet | Found a transporter.
 23004 | Gauntlet | Found a transporter.
 23021 | Gauntlet | Found a transporter.
 23024 | Gauntlet | Found a transporter.
 23034 | Gauntlet | Found a transporter.
 23263 | Gauntlet | Reached skill level 5 in Throwing
 23402 | Gauntlet | Got a crude platinum ring
 23408 | Gauntlet | Identified the ring "Hywkoit" {MP+9 EV+4 Dex+4} (You found
                  | it in a Gauntlet)
 23490 | Gauntlet | Got a smoking bronze amulet
 23498 | Gauntlet | Identified the amulet of the Illusory Lies {Inacc *Corrode
                  | Int+5 Dex+5} (You found it in a Gauntlet)
 23615 | Gauntlet | Found the ring of the Octopus King
 23615 | Gauntlet | Identified the ring "Otejiokk" {+Fly rElec rF+++ Int-3
                  | Dex+2}
 23615 | Gauntlet | Noticed a minotaur
 23660 | Gauntlet | Killed a minotaur
 23743 | Gauntlet | Got a ring of the Octopus King
 23746 | Gauntlet | Identified a ring of the Octopus King {MP+9 AC+1 EV+1 Str+1
                  | Int+1 Dex+1} (You found it in a Gauntlet)
 23793 | Lair:5   | Reached skill level 6 in Throwing
 23815 | Lair:5   | Found a runed translucent gate.
 23815 | Lair:5   | Found a runed translucent gate.
 23817 | Lair:5   | Found a runed translucent gate.
 23913 | Lair:5   | Noticed Berchol's ghost (journeyman DgCj)
 23913 | Lair:5   | Noticed a death ooze
 23988 | Lair:5   | Found a viscous altar of Jiyva.
 24010 | Lair:5   | Reached skill level 7 in Throwing
 24484 | Lair:5   | Found a staircase to the Slime Pits.
 24542 | Lair:5   | Reached skill level 8 in Throwing
 25031 | Lair:6   | Entered Level 6 of the Lair of Beasts
 25044 | Lair:5   | Reached skill level 1 in Armour
 25047 | Lair:5   | Reached XP level 14. HP: 54/143 MP: 21/21
 25326 | Lair:5   | Reached skill level 2 in Armour
 25757 | Lair:6   | Reached skill level 11 in Fighting
 25796 | Lair:6   | Paralysed by a hornet for 3 turns
 25825 | Lair:6   | Reached skill level 3 in Armour
 25870 | Lair:6   | Reached skill level 1 in Conjurations
 26018 | Lair:6   | Reached skill level 11 in Short Blades
 26047 | Lair:6   | Paralysed by a hornet for 1 turns
 26054 | Lair:6   | Reached skill level 2 in Conjurations
 26655 | Lair:6   | Reached skill level 4 in Armour
 26675 | Lair:6   | Reached skill level 3 in Conjurations
 26904 | Lair:6   | Reached skill level 12 in Fighting
 27012 | Lair:6   | Got a creamy pearl robe
 27022 | Lair:6   | Identified the cursed +1 robe "Huanoade" {*Drain rN+ MP+9
                  | Dex+9} (You found it on level 6 of the Lair of Beasts)
 27071 | Lair:6   | Identified the Disquisition on Quantum Summoning
 27299 | Lair:6   | Reached skill level 4 in Conjurations
 28394 | D:12     | You fall into a shaft and drop 1 floor!
 28489 | D:12     | Reached XP level 15. HP: 158/158 MP: 22/22
 28669 | D:12     | Noticed Kirke
 28700 | D:12     | Killed Kirke
 28749 | D:12     | Reached skill level 5 in Conjurations
 28909 | D:12     | Got a steaming robe
 28919 | D:12     | Identified the +0 robe of Charity {rElec} (You found it on
                  | level 12 of the Dungeon)
 29200 | D:12     | Noticed a tengu reaver
 29217 | D:12     | Killed a tengu reaver
 29218 | D:12     | Reached skill level 13 in Fighting
 29464 | D:12     | Learned a level 2 spell: Passwall
 29530 | D:12     | Reached skill level 12 in Short Blades
 29818 | D:12     | Reached skill level 1 in Transmutations
 29820 | D:12     | Reached skill level 1 in Earth Magic
 29831 | D:12     | Noticed a sphinx
 29837 | D:12     | HP: 7/157 [sphinx/divine providence (5)]
 29837 | D:12     | Slain by a troll

Illustrated notes

Levels and vault maps discovered:
D:1:      dpeg_arrival_simpleton_a, layout_loops_cross, minmay_octomino_c4
D:2:      layout_loops_ring
D:3:      layout_basic, lemuel_coloured_pillars_altar,
          grunt_dithmenos_smoke_and_mirrors, minivault_11
D:4:      layout_basic, serial_shops, shop_statue, shop,
          nicolae_shop_behind_doors, cheibrodos_sewer_entry_drain
D:5:      layout_basic, pdpol_temple_overflow_zin_treasury_gozag_greed,
          nicolae_overflow_crystal_walls, basic_altar, serial_shops,
          nicolae_shop_stone, nicolae_ossuary_entry_giza, nemelex_altar_shiori,
          uniq_menkaure
D:6:      layout_basic, gammafunk_temple_overflow_elements,
          uniq_crazy_yiuf_cottage
D:7:      layout_loops_ring, amethyst_overflow_temple_binary,
          minmay_temple_entry_junction, ebering_ghost_gozag
D:8:      layout_loops_ring, fedhas_altar_fruit_tree,
          nicolae_tso_carved_into_rock, trog_ov_bears_minmay, erik_lair_island,
          uniq_prince_ribbit1, uniq_maurice
D:9:      layout_basic, serial_rivers, chequers_serial_rivers_room_a,
          chequers_serial_rivers_small_b, chequers_serial_rivers_marsh,
          chequers_serial_rivers_micro_b, uniq_erolcha
D:10:     layout_basic, serial_aquarium, aquarium_bridge_straight
          [aquarium_subvault_bridge, aquarium_subvault_balcony,
          aquarium_subvault_bridge, aquarium_subvault_wall],
          aquarium_bridge_straight [aquarium_subvault_bridge,
          aquarium_subvault_balcony, aquarium_subvault_bridge,
          aquarium_subvault_window], aquarium_window_fake, aquarium_window_fake,
          aquarium_window_fake, aquarium_window_corridor_1, aquarium_view_2d,
          aquarium_pool_corner
D:11:     layout_basic, orc_0_dummy, chequers_serial_rivers_large_b, uniq_urug
D:12:     evilmike_diamond_1, layout_rooms, serial_co_window_serial,
          co_window_corner_a, co_window_paths_a, co_window_of_opportunity_a,
          co_window_paths_b, co_window_paths_b, co_window_corner_b,
          co_window_broadway_a, co_window_cross_2, glass_columns_c,
          glass_columns_b, minivault_16, uniq_kirke
D:13:     layout_gridville, basic_altar
Lair:1:   layout_cave_pods, gammafunk_ghost_wrathful_warriors, worms_lemuel,
          serial_bayou_shore_b, grunt_megastairs_1
Lair:2:   layout_big_grid, dummy_spider_entry, grunt_megastairs_2,
          infiniplex_staircase_pool
Lair:3:   layout_regular_city, shoals_dummy_entry, lemuel_fruit_tree
Lair:4:   layout_cave_pods, grunt_megastairs_5
Lair:5:   layout_loops_ring, nicolae_slime_entry_slimehenge,
          gammafunk_ghost_ooze, gauntlet_entry_generic
Lair:6:   gammafunk_lair_ancient_temple, layout_cellular_growth

Skill      XL: |  1  2  3  4  5  6  7  8  9 10 11 12 13 14 15 |
---------------+----------------------------------------------+-----
Fighting       | 3 4 5 8 9 10 12 13 | 13.2
Stealth        | 1 2 3 5 9 10 | 10.3
Short Blades   | 1 2 3 4 6 9 10 11 12 | 12.0
Dodging        | 3 4 |  4.0
Hexes          | 6 8 10 | 10.0
Ice Magic      | 4 |  4.0
Evocations     | 4 |  4.0
Spellcasting   | 2 5 |  5.0
Throwing       | 8 |  8.0
Armour         | 1 4 |  4.0
Conjurations   | 4 5 |  5.3
Transmutations | 1 |  1.2
Earth Magic    | 1 |  1.1

Action                   |  1- 3 |  4- 6 |  7- 9 | 10-12 | 13-15 || total
-------------------------+-------+-------+-------+-------+-------++-------
Melee: Short sword       |    95 |   146 |   337 |   370 |   868 ||  1816
       Dagger            |       |    12 |    58 |   420 |    59 ||   549
Throw: Stone             |    74 |    26 |       |       |       ||   100
       Dart              |       |     6 |       |       |       ||     6
       Boomerang         |       |     8 |    37 |    38 |    10 ||    93
       Large rock        |       |       |     3 |       |    11 ||    14
       Throwing net      |       |       |       |       |     2 ||     2
 Cast: Ensorcelled Hiber |       |       |       |    54 |    94 ||   148
       Confusing Touch   |       |       |       |    12 |    21 ||    33
       Dazzling Flash    |       |       |       |     3 |    92 ||    95
Invok: Lunge             |       |       |    21 |    48 |    62 ||   131
       Whirlwind         |       |       |       |    95 |   138 ||   233
       Serpent's Lash    |       |       |       |    11 |    21 ||    32
Evoke: Wand              |       |       |     1 |     9 |    20 ||    30
       Tin of tremorston |       |       |       |       |     4 ||     4
  Use: Scroll            |     2 |    10 |     8 |     5 |     8 ||    33
       Potion            |       |       |     1 |     1 |     1 ||     3
 Stab: Sleeping          |     1 |     3 |     8 |    34 |    54 ||   100
       Invisible         |       |       |     6 |       |    74 ||    80
       Distracted        |       |       |     1 |     2 |     1 ||     4
       Confused          |       |       |       |     8 |    24 ||    32
       Held in net/web   |       |       |       |       |     1 ||     1
Armor: Robe              |    19 |    25 |    55 |    33 |     9 ||   141
       Troll leather arm |       |       |       |    33 |   139 ||   172
Dodge: Dodged            |    52 |    87 |   213 |   305 |   576 ||  1233

Table legend: (Time is in decaauts)
 A = Elapsed time spent in this place.
 B = Non-inter-level travel time spent in this place.
 C = Inter-level travel time spent in this place.
 D = Time resting spent in this place.
 E = Time spent auto-exploring this place.
 F = Levels seen in this place.
 G = Mean time per level.
                   A        B        C        D        E       F      G
               +--------+--------+--------+--------+--------+-----+--------+
         Total |  29398 |  28148 |   1250 |   3069 |  20131 |  21 | 1399.9 |
       Dungeon |  17399 |  16522 |    877 |   1142 |  12587 |  13 | 1338.4 |
          Lair |  10291 |   9919 |    372 |    796 |   7361 |   6 | 1715.2 |
       Ossuary |    951 |    951 |      0 |    784 |      0 |   1 |  951.0 |
      Gauntlet |    756 |    756 |      0 |    346 |    182 |   1 |  756.0 |
               +--------+--------+--------+--------+--------+-----+--------+

Top non-repeatable levels by time:
  Lair:6: 2571 daAuts
     D:9: 2125 daAuts
  Lair:5: 1891 daAuts
  Lair:1: 1743 daAuts
     D:8: 1737 daAuts
  Lair:4: 1655 daAuts
     D:1: 1586 daAuts
    D:11: 1415 daAuts
     D:6: 1415 daAuts
     D:4: 1385 daAuts
     D:3: 1377 daAuts
     D:7: 1376 daAuts
    D:12: 1329 daAuts
    D:10: 1305 daAuts
  Lair:3: 1250 daAuts
